[Event "SixDays Budapest GM-C 10-2024"]
[Site "Budapest"]
[Date "2024.10.02"]
[Round "4.4"]
[White "Kotronias, Vasilios"]
[Black "Susilodinata, Andrean"]
[Result "1/2-1/2"]
[ECO "B12"]
[WhiteElo "2458"]
[BlackElo "2393"]
[Annotator "TA"]
[PlyCount "79"]
[EventDate "2024.09.24"]
[EventType "tourn"]
[EventCountry "HUN"]
[SourceTitle "playchess.com"]
[Source "ChessBase"]
[SourceQuality "1"]
[TimeControl "5400+30"]

1. e4 c6 2. d4 d5 3. e5 Bf5 4. h4 a6 5. Nc3 h5 6. Bd3 Bxd3 7. cxd3 e6 8. Nf3 c5 9. Bg5 f6 10. Bf4 {[%emt 0:00:08] White is more active.} (10. Be3 $16) 10... Nc6 $11 11. dxc5 Bxc5 12. O-O Nge7 13. d4 Ba7 14. Re1 Kf7 {[%emt 0:23:01] [#]} (14... Qd7 $11) 15. b4 Nf5 16. b5 Ncxd4 17. bxa6 bxa6 {[%emt 0:01:35] Hoping for ...Nxf3+.} 18. Rb1 {[%emt 0:00:06] Threatens to win with exf6.} Qd7 19. Rb4 (19. exf6 $15 Nxf3+ (19... gxf6 20. Nxd4 Bxd4 21. Ne2 $15) 20. Qxf3 gxf6 21. Ne2) 19... Rac8 (19... Nxf3+ $19 20. Qxf3 Nxh4) 20. Nxd4 $15 Bxd4 (20... Rxc3 $2 21. Nxf5 fxe5 22. Bxe5 exf5 23. Bxc3 $18) 21. Rxd4 Rxc3 22. Rb4 Rc6 {[%emt 0:11:09] [#]} ({Of course not} 22... Nxh4 $6 23. exf6 gxf6 24. Qb1 $16) (22... a5 $15 23. Rb6 Rc6 (23... Nxh4 $2 24. exf6 Ng6 25. fxg7 $18)) 23. g3 (23. Qb1 $1 $16 {exf6 is the strong threat.} Rc4 (23... Nxh4 $2 {loses.} 24. exf6 Rhc8 25. Rb7 $18) 24. Rb7) 23... Ne7 24. Qe2 a5 25. Rb3 Ng6 26. exf6 Nxf4 27. gxf4 gxf6 ({Much weaker is} 27... Kxf6 28. Qe5+ Kf7 29. Rg3 $14) 28. Rg3 Rc4 29. Qf3 Rcc8 30. Kh2 Rcg8 31. Reg1 Rxg3 32. Qxg3 $11 {[%emt 0:00:04][%mdl 4096] Endgame. KQR-KQR} Rf8 $1 33. f5 {[%emt 0:00:15][%mdl 1024] Black must now prevent fxe6+. White has compensation.} e5 {[%emt 0:00:30] The position is equal.} 34. Qf3 Rh8 35. Qg2 {[%emt 0:07:37] Intending Qg7+ and mate.} Rf8 $1 36. Qg6+ Ke7 {[%emt 0:00:01] ...Qa4 would now be deadly.} 37. Qxh5 Rf7 {[%emt 0:01:52] Prevents Rg7} 38. Rg8 Qa4 39. Rb8 {[%emt 0:08:43] Strongly threatening Rb7+.} Kd6 40. Qxf7 {[%emt 0:14:51] Weighted Error Value: White=0.15 (very precise) /Black=0.18 (very precise) .  Mistake:       	White=4     	Black=3      Inaccurate:     	White=2     	Black=3      OK:         	White=17    	Black=12     Best:        	---       	Black=3      Strong:       	---       	Black=2} 1/2-1/2

[Event "SixDays Budapest GM-C 10-2024"]
[Site "Budapest"]
[Date "2024.10.02"]
[Round "4.5"]
[White "Chen, Yining"]
[Black "Mamatov, Melis"]
[Result "1/2-1/2"]
[ECO "D45"]
[WhiteElo "2252"]
[BlackElo "2362"]
[Annotator "TA"]
[PlyCount "38"]
[EventDate "2024.09.24"]
[EventType "tourn"]
[EventCountry "HUN"]
[SourceTitle "playchess.com"]
[Source "ChessBase"]
[SourceQuality "1"]
[TimeControl "5400+30"]

1. d4 d5 2. c4 c6 3. Nc3 Nf6 4. e3 e6 5. Nf3 Nbd7 6. Be2 dxc4 7. a4 Bd6 8. Nd2 Bc7 9. Nxc4 e5 10. b3 {[%emt 0:01:33] And now Ba3 would win. White has an edge.} O-O 11. Ba3 Re8 12. O-O e4 13. d5 cxd5 14. Nxd5 Nxd5 15. Qxd5 Nb6 16. Nxb6 Bxb6 17. Bc4 {[%emt 0:00:59] White is much more active.} Qf6 18. Rac1 a6 {[%emt 0:07:48] [#]} 19. Qd6 (19. a5 $1 $16 Be6 20. Qxb7 (20. Qxe4 Bxc4 21. Qxc4 Bxa5 $14) 20... Bxc4 21. Rxc4 Bxa5 22. Rxe4) 19... Qxd6 {[%emt 0:02:35] Weighted Error Value: White=0.09 (flawless) /Black=0.10 (very precise) .  Mistake:       	White=1     	---        Inaccurate:     	---       	Black=1      OK:         	White=5     	Black=3      Best:        	---       	Black=2} 1/2-1/2

[Event "SixDays Budapest GM-C 10-2024"]
[Site "Budapest"]
[Date "2024.10.03"]
[Round "6.2"]
[White "Pacher, Milan"]
[Black "Borgaonkar Akshay"]
[Result "1/2-1/2"]
[ECO "A45"]
[WhiteElo "2343"]
[BlackElo "2415"]
[Annotator "RC"]
[PlyCount "198"]
[EventDate "2024.09.24"]
[EventType "tourn"]
[EventCountry "HUN"]
[SourceTitle "playchess.com"]
[Source "ChessBase"]
[SourceQuality "1"]
[TimeControl "5400+30"]

1. d4 Nf6 2. Bg5 g6 3. Bxf6 exf6 4. e4 Bg7 5. Bd3 O-O 6. Ne2 d5 7. exd5 Qxd5 8. O-O f5 9. c3 b6 10. Qb3 Qd8 11. Na3 Bb7 12. Rfe1 Nd7 13. Nf4 Nf6 14. Bf1 Ne4 15. Nc4 a5 16. f3 a4 17. Qb4 Bxd4+ 18. cxd4 Qxd4+ 19. Re3 Nd6 20. Qc3 Qxf4 21. Ne5 Rfe8 22. Rae1 c5 23. Nd7 Rxe3 24. Rxe3 Qd4 25. Nxb6 Qxc3 26. Rxc3 Re8 27. Nxa4 c4 28. Bxc4 Nxc4 29. Rxc4 Bd5 30. Rd4 Bxa2 31. Nc5 Re2 32. b4 Rb2 33. h4 Kf8 34. Kh2 Ke7 35. Kg3 h6 36. h5 Be6 37. Nxe6 Kxe6 38. f4 Rb3+ 39. Kf2 gxh5 40. g3 f6 41. Kg2 Kf7 42. Kh3 Kg6 43. Rc4 Rb2 44. Rc8 Rxb4 45. Rg8+ Kf7 46. Rh8 Kg7 47. Ra8 Rb2 48. Rc8 Rf2 49. Ra8 h4 50. Ra5 Kg6 51. Rb5 hxg3 52. Kxg3 Rc2 53. Ra5 Rc3+ 54. Kh4 Rf3 55. Ra4 Rf1 56. Kg3 Rg1+ 57. Kf2 Rb1 58. Kg3 Rb3+ 59. Kh4 Re3 60. Ra3 Re1 61. Kg3 Rb1 62. Ra5 Rb3+ 63. Kh4 Rf3 64. Ra4 h5 65. Rb4 Rf1 66. Kg3 Rg1+ 67. Kf3 h4 68. Rb8 Rg3+ 69. Kf2 Kh5 70. Rf8 Kg4 71. Rxf6 Ra3 72. Rb6 h3 73. Kg1 Ra1+ 74. Kh2 Ra2+ 75. Kg1 Kxf4 76. Rb8 Kf3 77. Rb3+ Kg4 78. Rb8 f4 79. Rg8+ Kf3 80. Rb8 Rg2+ 81. Kh1 Re2 82. Kg1 Re3 83. Kh2 Kf2 84. Rb2+ Kf1 85. Rb1+ Re1 86. Rb3 Re2+ 87. Kh1 Kf2 88. Kh2 Re7 89. Rb2+ Kf3 90. Rb1 Kg4 91. Rb2 Re4 92. Rb8 Re2+ 93. Kg1 f3 94. Rg8+ Kf4 95. Rf8+ Ke3 96. Re8+ Kd2 97. Rf8 h2+ 98. Kh1 f2 99. Rxf2 Rxf2 1/2-1/2

[Event "SixDays Budapest GM-C 10-2024"]
[Site "Budapest"]
[Date "2024.10.03"]
[Round "6.3"]
[White "Kotronias, Vasilios"]
[Black "Srihari L R"]
[Result "1-0"]
[ECO "B69"]
[WhiteElo "2458"]
[BlackElo "2503"]
[Annotator "TA"]
[PlyCount "99"]
[EventDate "2024.09.24"]
[EventType "tourn"]
[EventCountry "HUN"]
[SourceTitle "playchess.com"]
[Source "ChessBase"]
[SourceQuality "1"]
[TimeControl "5400+30"]

1. e4 c5 2. Nf3 d6 3. d4 cxd4 4. Nxd4 Nf6 5. Nc3 Nc6 6. Bg5 e6 7. Qd2 a6 8. O-O-O Be7 9. f4 Bd7 10. Nf3 b5 11. Bxf6 gxf6 12. Kb1 Qb6 13. Bd3 (13. f5 {sieht schärfer aus.} O-O-O 14. a4 Ne5 15. axb5 axb5 16. fxe6 fxe6 17. Nxb5 d5 18. Nxe5 fxe5 19. Qe2) 13... O-O-O 14. Rhe1 Kb7 15. g4 Rhe8 {[%emt 0:14:56] Weiß steht etwas besser.} 16. h4 Ka7 (16... h6 $11 {verdient Beachtung.}) 17. Bf1 (17. g5 $16) 17... Na5 18. a3 Rc8 19. Qe3 Nc4 20. Bxc4 Rxc4 21. g5 Bc6 (21... Qxe3 $11 {und Schwarz ist OK.} 22. Rxe3 Bc6) 22. Rd4 (22. b3 $1 $18 Rc5 23. b4) 22... Rxd4 (22... Bb7 $14) 23. Nxd4 $16 Bd7 24. gxf6 Bxf6 25. e5 Bxh4 26. Rh1 dxe5 27. fxe5 (27. Rxh4 exd4 (27... Qxd4 28. Qg3 $11) 28. Qd3 e5 29. fxe5 Rxe5 30. Rxd4 Re1+ 31. Nd1 (31. Ka2 Be6+ 32. b3 Qc5 $14) 31... Be6 $17) (27. Qxe5 $5 Bd8 28. Rxh7 $14) 27... Be7 28. Rxh7 Rf8 29. Ne4 b4 (29... Ka8 $14) 30. axb4 Bxb4 31. c3 $1 $36 {[%emt 0:00:10][%mdl 2048] Weiss ist am Drücker.} Be7 {[%emt 0:02:41] [#]} 32. Nd6 Bxd6 $11 33. exd6 Rb8 {[%emt 0:04:04] Schwarz hat schwache schwarze Felder. Damit ist Schwarz auf der Verliererstraße.} (33... Kb8 $11) 34. b4 $1 $16 {[%emt 0:04:45] Aktives Gegenspiel!} (34. Rxf7 $2 Qxb2#) 34... Ka8 (34... Rf8 $16) 35. Qe5 $18 ({Jedoch nicht} 35. Rxf7 $6 Qxd6 36. Qf3+ Rb7 $16) 35... Be8 36. Ka2 Rc8 37. Rh8 Ka7 38. Qf4 {[%emt 0:05:18][%cal Oh8e8] Rxe8! ist eine echte Drohung.} Qb7 39. Qf2 (39. Nb3 $142) 39... Ka8 {[%emt 0:00:22] [#]} 40. Nb3 Kb8 $2 (40... a5 {war angesagt.}) 41. Qd4 Qd5 $2 {[%emt 0:00:40] [#]} (41... Ka8 42. Nc5 Qd5+ 43. Qxd5+ exd5) 42. Rxe8 $1 Rxe8 {[%emt 0:00:02][%mdl 4096] Endspiel. KQR-KQN} 43. Qb6+ Ka8 44. Qxa6+ {[%emt 0:02:40] Weiß setzt Matt.} Kb8 {[%emt 0:00:00] [#]} 45. Qb6+ $1 Ka8 46. Qc7 Rb8 47. d7 ({Nicht} 47. Qxf7 Qxd6 48. Kb2 Rf8 $11) 47... f5 48. Ka3 Qd1 {[%emt 0:00:03] [#]} 49. b5 $1 Qd5 (49... Rxb5 50. d8=Q+) 50. Nc5 {[%emt 0:02:50] Gewichteter Fehlerwert: Weiß=0.23 (präzise) /Schwarz=0.46.  Fehler:       	Weiß=4     	Schwarz=8     Ungenau:       	Weiß=1     	Schwarz=1     OK:         	Weiß=11    	Schwarz=8     Bester:       	Weiß=1     	Schwarz=2     Stark:        	Weiß=2     	---        Brilliant:      	Weiß=1     	---} 1-0

[Event "SixDays Budapest GM-C 10-2024"]
[Site "Budapest"]
[Date "2024.10.03"]
[Round "6.4"]
[White "Chen, Yining"]
[Black "Laddha, Shubh Jayesh"]
[Result "1/2-1/2"]
[ECO "D26"]
[WhiteElo "2252"]
[BlackElo "2308"]
[Annotator "RC"]
[PlyCount "121"]
[EventDate "2024.09.24"]
[EventType "tourn"]
[EventCountry "HUN"]
[SourceTitle "playchess.com"]
[Source "ChessBase"]
[SourceQuality "1"]
[TimeControl "5400+30"]

1. d4 d5 2. c4 dxc4 3. e3 Nf6 4. Bxc4 e6 5. Nf3 c5 6. O-O Nc6 7. a3 a6 8. dxc5 Qxd1 9. Rxd1 Bxc5 10. b4 Be7 11. Bb2 O-O 12. Nbd2 Rd8 13. Rac1 Bd7 14. Be2 Be8 15. Nb3 Ne4 16. Bd3 Nd6 17. Nfd2 Rac8 18. Kf1 Na7 19. Nc5 Bb5 20. Bxb5 axb5 21. Be5 b6 22. Bxd6 Rxd6 23. Ncb3 Rdd8 24. Nd4 Kf8 25. Ke2 Bf6 26. Rxc8 Rxc8 27. Ne4 Bxd4 28. Rxd4 Ke7 29. Rd3 f5 30. Nc3 Rc4 31. Kd2 g5 32. e4 h5 33. exf5 exf5 34. Nd5+ Ke6 35. Nxb6 Rc7 36. Nd5 Rb7 37. h4 gxh4 38. Nf4+ Kf6 39. Ke3 Nc8 40. Rd8 Nb6 41. Rd6+ Kf7 42. Rh6 Re7+ 43. Kd3 Re4 44. Rxb6 Rxf4 45. Ke3 Re4+ 46. Kf3 Re5 47. Rh6 Re4 48. Rxh5 Kg6 49. Rh8 Rc4 50. Rb8 Kg5 51. Rg8+ Kf6 52. Re8 Kg5 53. Re3 Rc2 54. Rd3 Ra2 55. Rc3 Rb2 56. Rc5 Rb3+ 57. Ke2 Kf4 58. Rxb5 Rb2+ 59. Ke1 Rb1+ 60. Kd2 Rb2+ 61. Ke1 1/2-1/2

[Event "SixDays Budapest GM-C 10-2024"]
[Site "Budapest"]
[Date "2024.10.03"]
[Round "6.5"]
[White "Mamatov, Melis"]
[Black "Susilodinata, Andrean"]
[Result "0-1"]
[ECO "B12"]
[WhiteElo "2362"]
[BlackElo "2393"]
[Annotator "TA"]
[PlyCount "80"]
[EventDate "2024.09.24"]
[EventType "tourn"]
[EventCountry "HUN"]
[SourceTitle "playchess.com"]
[Source "ChessBase"]
[SourceQuality "1"]
[TimeControl "5400+30"]

1. e4 c6 2. d4 d5 3. e5 Bf5 4. h4 Qb6 5. c3 e6 6. Ne2 {[%emt 0:04:15] B12: Caro-Kann: Advance Variation.} c5 $146 ({Predecessor:} 6... Nd7 7. Nd2 h6 8. Ng3 Bh7 9. Nf3 Ne7 10. Bd3 Bxd3 11. Qxd3 c5 12. O-O Nc6 13. Rb1 {½-½ Sharma,D (2390)-Roy,P (2238) IND-chB 51st 2013 (9)}) 7. Nd2 Nc6 8. Nb3 c4 9. Nd2 f6 10. exf6 Nxf6 11. Ng3 Bd6 12. Nxf5 exf5 13. Qe2+ Kf7 14. Qf3 Rae8+ 15. Be2 Re7 16. O-O $1 (16. Qxf5 $2 Rhe8 17. O-O Rxe2 $19) 16... Rhe8 17. Bd1 (17. Nxc4 $5 dxc4 18. Bxc4+ Kf8 19. Bg5 $11) 17... g6 (17... Re1 {feels hotter.} 18. Qxf5 Nxd4 19. cxd4 Qxd4 20. g4 Kg8) 18. b3 $2 {[%emt 0:00:39][%mdl 8192] [#]} (18. h5 $11 {and White is okay.}) 18... Nxd4 $1 $19 19. cxd4 Qxd4 20. bxc4 Qxa1 21. Ba4 Rc8 22. Bb3 Qd4 23. g3 Qg4 (23... dxc4 24. Nxc4 Rxc4 25. Rd1 $19) 24. Qg2 dxc4 25. Nxc4 Rxc4 26. f4 (26. Bf4 $142 Bxf4 27. Bxc4+ Kg7 28. gxf4 Qxf4 (28... Qxh4 $2 29. Qg5 $19) 29. Bd3) 26... b5 27. Bd1 Rxc1 28. Bxg4 Bc5+ 29. Kh1 Rxf1+ 30. Qxf1 Nxg4 31. Qxb5 Bb6 32. h5 Nf6 (32... gxh5 33. Qxf5+ Nf6 34. a4 $17) 33. h6 Rd7 34. a4 Rd1+ 35. Kg2 Rd2+ 36. Kf1 Ne4 37. a5 $2 (37. Qc6 Rf2+ (37... Nxg3+ 38. Ke1 $11) 38. Ke1) 37... Bc5 $2 (37... Nxg3+ 38. Ke1 Re2+ 39. Kd1 $11) (37... Rf2+ 38. Ke1 Re2+ (38... Bc5 39. Qd7+ Kf6 40. Qc6+ Ke7 41. Qc7+ Ke6 42. Qc6+ Ke7 43. Qc7+ Ke6 44. Qc6+ Bd6 45. a6 $11) 39. Kxe2 Nc3+ (39... Nxg3+ $2 40. Kf3 $18) 40. Kd3 Nxb5 41. axb6 axb6) 38. Qb7+ $19 Ke6 39. Qxh7 $2 {[%emt 0:00:21] [#]} (39. Qc6+ $19 Ke7 40. Qc7+ Ke6 41. Qc6+ Rd6 42. Qb7 Rd1+ (42... Nxg3+ 43. Ke1 $11) 43. Ke2 Rd2+ (43... Nxg3+ $2 44. Kxd1 Nh5 45. Qxh7 $18) 44. Ke1) 39... Rf2+ $1 ({Not} 39... Nxg3+ 40. Ke1 Bb4 (40... Re2+ $2 41. Kd1 $18) 41. Qxg6+ (41. Qxa7 {is a self mate.} Rd7+ 42. Kf2 Ne4+ 43. Kg2 Rxa7 44. Kf3 Kd5 45. Ke2 Rxa5 46. h7 Ra2+ 47. Kd1 Rd2+ 48. Ke1 Rb2+ 49. Kd1 Nf2+ 50. Kc1 Nd3+ 51. Kd1 Rd2#) 41... Kd7 42. Qf7+ (42. Qxg3 Rg2+ 43. Kf1 Rxg3 44. h7 Rh3 45. Kg2 Rxh7 46. a6 Kc6 47. Kf3 Re7 48. Kf2 Be1+ 49. Kg2 Kc5 50. Kg1 Kd4 51. Kh1 Ke3 52. Kg2 Rh7 53. Kg1 Kf3 54. Kf1 Rh1#) (42. Qg7+ $2 Kc6 $19) 42... Kd8 43. Qg8+ (43. Qxa7 Rd7+ 44. Kf2 Ne4+ 45. Kf3 Rxa7 46. Ke3 Bxa5 47. Kd4 Bc3+ 48. Kd3 Rh7 49. Ke2 Rxh6 50. Kd3 Kc7 51. Kc4 Kc6 52. Kd3 Rh2 53. Kc4 Rd2 54. Kb3 Kb5 55. Ka3 Bb4+ 56. Kb3 Nc5#) 43... Kd7 44. h7 (44. Qxg3 Rg2+ 45. Kd1 Rxg3 46. Ke2 Bxa5 47. Kf1 Rh3 48. Kg2 Rxh6 49. Kf3 Ke6 50. Kf2 Kd5 51. Ke3 Re6+ 52. Kf2 Ke4 53. Kg3 Be1+ 54. Kg2 Rg6+ 55. Kh1 Bf2 56. Kh2 Kf3 57. Kh3 Rh6#) (44. Qg7+ $2 Kc6 $19) 44... Re2+ 45. Kd1 Rd2+ 46. Kc1 Ne2+ 47. Kb1 Nc3+ 48. Kc1 (48. Ka1 $2 Ra2+ 49. Qxa2 Nxa2 $19) 48... Ne2+ 49. Kb1 Nc3+ 50. Kc1 (50. Ka1 $2 Ra2+ 51. Qxa2 Nxa2 $19) 50... Ne2+ $11) 40. Kg1 Re2+ 0-1

[Event "SixDays Budapest GM-C 10-2024"]
[Site "Budapest"]
[Date "2024.10.04"]
[Round "7.1"]
[White "Susilodinata, Andrean"]
[Black "Pap, Gyula"]
[Result "0-1"]
[ECO "D00"]
[WhiteElo "2393"]
[BlackElo "2476"]
[Annotator "TA"]
[PlyCount "72"]
[EventDate "2024.09.24"]
[EventType "tourn"]
[EventCountry "HUN"]
[SourceTitle "playchess.com"]
[Source "ChessBase"]
[SourceQuality "1"]
[TimeControl "5400+30"]

1. d4 d5 2. Nc3 Nf6 3. Bf4 a6 4. e3 c5 5. dxc5 Qa5 6. Qd2 e6 7. Bd6 Bxd6 8. cxd6 {[%emt 0:00:02][%cal Oc3e4] Die Stellung ist ausgeglichen.} Nc6 9. Nf3 O-O 10. e4 dxe4 (10... Nxe4 $6 11. Nxe4 dxe4 12. Qxa5 Nxa5 13. Ne5 $11) 11. Nd4 Nxd4 12. Qxd4 e5 (12... Rd8 $17) 13. Qd2 $1 $11 Qc5 14. O-O-O Rd8 15. Qe3 Qxe3+ 16. fxe3 Ng4 17. Rd2 {[%emt 0:13:16] Pariert Nf2.} Nxe3 {[%emt 0:04:48] Weiss sollte ...f5 verhindern.} 18. Nxe4 f5 19. Nc5 {[%emt 0:02:18] Schwarz muss nun d7 beachten.} b6 20. Na4 Rb8 21. c4 (21. Bd3 $11) 21... Bd7 $36 {[%emt 0:00:54][%mdl 2048] Schwarz ist am Drücker.} 22. Nc3 Be6 (22... Bc6 $17 23. b4 Rbc8) 23. b3 $1 $15 Rd7 24. Na4 (24. g3 $15) 24... Rbd8 $19 25. c5 bxc5 {[%emt 0:00:14] Und ...c4 würde nun gewinnen.} 26. Bxa6 Rxd6 27. Rxd6 Rxd6 28. Nxc5 Rc6 (28... Nxg2 29. Rd1 Rxd1+ 30. Kxd1 $15) 29. b4 Bxa2 {[%emt 0:00:30][%cal Oa2d5] ...Bd5! wäre nun fies. Schwarz steht deutlich aktiver.} 30. Kb2 {[%emt 0:01:21] Ein Fehler, der zur Niederlage führt.} (30. g3 $17) 30... Bd5 31. Re1 f4 (31... Nxg2 32. Rxe5 Bf7 33. Bb7 $14 (33. Rxf5 Rb6 $11)) 32. g3 $2 {[%emt 0:00:15] [#]} (32. Ra1) 32... Rxa6 $1 {[%emt 0:00:54][%mdl 512] Schwarz steht klar auf Gewinn.} 33. Nxa6 {[%emt 0:00:02] [#]} f3 {[%emt 0:00:06] Zielt auf ...f2 ab.} 34. Nc7 ({Minderwertig wäre} 34. Rxe3 f2 35. Nc7 f1=Q (35... f1=R $2 {ist das falsche Schlagen.} 36. Nxd5 h5 37. h4 $18)) (34. Nc5 $142 f2 35. Rb1) 34... f2 35. Rxe3 f1=Q {[%emt 0:00:07] ( -> ...Qf2+)} (35... f1=R $2 {zu gefräßig.} 36. Nxd5 Rf2+ 37. Kc3 $18) 36. Nxd5 Qg2+ {[%emt 0:00:08] Gewichteter Fehlerwert: Weiß=0.48/Schwarz=0.08 (makellos) .  Fehler:       	Weiß=5     	Schwarz=2     Ungenau:       	Weiß=3     	---        OK:         	Weiß=11    	Schwarz=13    Bester:       	Weiß=1     	Schwarz=7     Stark:        	Weiß=2     	---        Brilliant:      	---       	Schwarz=1} 0-1

[Event "SixDays Budapest GM-C 10-2024"]
[Site "Budapest"]
[Date "2024.10.04"]
[Round "7.2"]
[White "Laddha, Shubh Jayesh"]
[Black "Mamatov, Melis"]
[Result "0-1"]
[ECO "C78"]
[WhiteElo "2308"]
[BlackElo "2362"]
[Annotator "RC"]
[PlyCount "114"]
[EventDate "2024.09.24"]
[EventType "tourn"]
[EventCountry "HUN"]
[SourceTitle "playchess.com"]
[Source "ChessBase"]
[SourceQuality "1"]
[TimeControl "5400+30"]

1. e4 e5 2. Nf3 Nc6 3. Bb5 a6 4. Ba4 Nf6 5. O-O b5 6. Bb3 Bc5 7. a4 Rb8 8. c3 d6 9. d4 Bb6 10. a5 Ba7 11. h3 O-O 12. Be3 exd4 13. cxd4 Nxe4 14. Qc2 Qe8 15. Nc3 Nf6 16. Rfe1 Qd7 17. d5 Nb4 18. Qd2 Bxe3 19. Rxe3 Bb7 20. Rae1 Rbe8 21. Qd4 c5 22. dxc6 Nxc6 23. Qb6 Rxe3 24. Rxe3 h6 25. Nd4 Ne5 26. Nf5 Qxf5 27. Qxb7 Qc8 28. Qb6 Rd8 29. Nd5 Nxd5 30. Bxd5 Nc4 31. Bxc4 bxc4 32. Qd4 d5 33. Rg3 g6 34. h4 h5 35. Rg5 Qe6 36. g3 f5 37. Kh2 Rd6 38. Kg1 Qe1+ 39. Kh2 Qe7 40. Qc5 Kh7 41. Qd4 Qd8 42. Qa7+ Qd7 43. Qd4 Qe7 44. Kg1 Qf6 45. Qa7+ Kh8 46. Qb8+ Kg7 47. Qa7+ Kh6 48. Qb8 d4 49. Qg8 Re6 50. Qb8 d3 51. Qf4 Kg7 52. Qc7+ Re7 53. Qf4 Qe5 54. Rxg6+ Kxg6 55. Qg5+ Kf7 56. Qxh5+ Ke6 57. Qg6+ Kd7 0-1

[Event "SixDays Budapest GM-C 10-2024"]
[Site "Budapest"]
[Date "2024.10.04"]
[Round "7.3"]
[White "Srihari L R"]
[Black "Chen, Yining"]
[Result "1-0"]
[ECO "A06"]
[WhiteElo "2503"]
[BlackElo "2252"]
[Annotator "TA"]
[PlyCount "127"]
[EventDate "2024.09.24"]
[EventType "tourn"]
[EventCountry "HUN"]
[SourceTitle "playchess.com"]
[Source "ChessBase"]
[SourceQuality "1"]
[TimeControl "5400+30"]

1. Nf3 d5 2. g3 c6 3. Bg2 Bg4 4. d4 Nd7 5. O-O e6 6. c4 Ngf6 7. h3 {[%emt 0:01:00] D11: Slav Defence: 3 Nf3 sidelines and 3...Nf6 4 e3 Bg4.} Bf5 8. Nc3 Be7 9. Nh4 Be4 10. Nxe4 Nxe4 11. Nf3 O-O 12. Qc2 $146 ({Predecessor:} 12. Qb3 Qb6 13. Qc2 a5 14. Be3 f5 15. h4 Qa6 16. b3 Bd6 17. Ne1 b5 18. c5 {0-1 Warmerdam,M (2613)-Keymer,V (2675) Prague Challengers 4th 2022 (9)}) 12... a5 13. h4 h6 14. Ne5 Nd6 15. b3 a4 16. Bb2 (16. bxa4 Nxe5 17. cxd5 Nec4 18. dxe6 fxe6 $11) 16... a3 17. Bc1 Bf6 18. Bf4 Nf5 19. Nxd7 Qxd7 20. e3 Be7 21. h5 Bd6 22. cxd5 cxd5 23. Bxd6 Nxd6 24. Rfc1 Rfc8 25. Qd2 Qb5 26. Bf1 Qb6 27. Bd3 Ne4 28. Qe1 f5 29. Kg2 Kf7 30. Rab1 Nd6 (30... Kg8 $11 {keeps the balance.}) 31. Be2 (31. Rxc8 $1 $16 Rxc8 32. Rc1) 31... Ke7 32. b4 Kd7 33. Rb3 Nc4 34. Rcc3 Qd6 35. b5 Rc7 36. Qc1 Rac8 37. Kg1 Qb6 38. Kg2 Qd6 39. Qe1 Qb6 40. Bf1 Qd6 41. Qd1 Ke7 42. Kg1 Na5 43. Rxc7+ Rxc7 44. Rb1 b6 45. Rc1 Kd7 46. Rxc7+ Qxc7 47. Qd2 Nc4 48. Qc3 Ke8 49. Be2 Kf7 50. Kf1 g6 51. hxg6+ Kxg6 52. Ke1 h5 53. Bxc4 (53. Kf1 $16) 53... dxc4 (53... Qxc4 $11 54. Qxa3 Kg5 (54... Qxb5 55. Qe7 $16)) 54. Kd2 (54. Qxa3 $6 c3 $11) (54. Ke2 $16) 54... Kg5 (54... h4 $1 $11 {remains equal.} 55. gxh4 (55. Qxa3 h3 $17) 55... Qh2) 55. Qxa3 ({Better is} 55. Ke2 $1) 55... Kg4 $16 56. Kc3 Kf3 57. Qb2 e5 {[%emt 0:00:51] [#]} (57... Qa7 $1 $14) 58. a4 $1 $16 exd4+ 59. exd4 f4 {[%emt 0:00:59] [#]} (59... Kg2 $142 60. Qe2 f4) 60. Qd2 $1 $18 fxg3 $2 (60... Qa7 $18 61. Qxf4+ (61. Kxc4 Qxa4+ 62. Kd5 Qxb5+ 63. Kd6 fxg3 $11) 61... Kg2) 61. Qe3+ Kg2 62. Qxg3+ ({Weaker is} 62. fxg3 Qa7 $16) 62... Qxg3+ 63. fxg3 Kxg3 64. a5 1-0

[Event "SixDays Budapest GM-C 10-2024"]
[Site "Budapest"]
[Date "2024.10.04"]
[Round "7.4"]
[White "Borgaonkar Akshay"]
[Black "Kotronias, Vasilios"]
[Result "1/2-1/2"]
[ECO "B62"]
[WhiteElo "2415"]
[BlackElo "2458"]
[Annotator "RC"]
[PlyCount "104"]
[EventDate "2024.09.24"]
[EventType "tourn"]
[EventCountry "HUN"]
[SourceTitle "playchess.com"]
[Source "ChessBase"]
[SourceQuality "1"]
[TimeControl "5400+30"]

1. e4 c5 2. Nf3 d6 3. d4 cxd4 4. Nxd4 Nf6 5. Nc3 Nc6 6. Bg5 e6 7. Qd3 Bd7 8. O-O-O a6 9. f4 Qc7 10. Be2 Be7 11. Nxc6 Bxc6 12. Bf3 O-O 13. h4 Rfd8 14. g4 d5 15. e5 Ne4 16. Bxe4 dxe4 17. Qe3 Rxd1+ 18. Rxd1 Bb4 19. h5 h6 20. Bh4 Qa5 21. Kb1 Bxc3 22. Qxc3 Qxc3 23. bxc3 e3 24. Rd3 Bf3 25. g5 hxg5 26. Rxe3 gxh4 27. Rxf3 Rc8 28. Rh3 Rc4 29. Rxh4 Rxc3 30. Kb2 Rf3 31. a4 a5 32. c3 Kh7 33. Kb3 Kh6 34. Kc4 f5 35. exf6 gxf6 36. Kd4 Rf1 37. Kc5 Ra1 38. Kb5 Re1 39. Kxa5 Re4 40. Kb5 e5 41. a5 exf4 42. Kb6 Kg5 43. Rh1 Re7 44. h6 Rh7 45. c4 f3 46. c5 f5 47. c6 bxc6 48. a6 Rxh6 49. a7 Rxh1 50. a8=Q f2 51. Qg8+ Kf4 52. Qc4+ Kg5 1/2-1/2

[Event "SixDays Budapest GM-C 10-2024"]
[Site "Budapest"]
[Date "2024.10.04"]
[Round "7.5"]
[White "Mohammad Fahad, Rahman"]
[Black "Pacher, Milan"]
[Result "1-0"]
[ECO "D38"]
[WhiteElo "2419"]
[BlackElo "2343"]
[Annotator "RC"]
[PlyCount "41"]
[EventDate "2024.09.24"]
[EventType "tourn"]
[EventCountry "HUN"]
[SourceTitle "playchess.com"]
[Source "ChessBase"]
[SourceQuality "1"]
[TimeControl "5400+30"]

1. d4 d5 2. c4 e6 3. Nc3 Nf6 4. Nf3 Bb4 5. Qa4+ Nc6 6. e3 O-O 7. Bd2 a6 8. a3 Bxc3 9. Bxc3 Ne4 10. Qc2 Nxc3 11. Qxc3 b6 12. Bd3 dxc4 13. Qxc4 Bb7 14. Qc2 h6 15. Be4 Na5 16. Rc1 c5 17. O-O cxd4 18. Bxb7 d3 19. Qc7 Qxc7 20. Rxc7 Ra7 21. b4 1-0

[Event "SixDays Budapest GM-C 10-2024"]
[Site "Budapest"]
[Date "2024.10.04"]
[Round "8.1"]
[White "Pap, Gyula"]
[Black "Pacher, Milan"]
[Result "1/2-1/2"]
[ECO "C42"]
[WhiteElo "2476"]
[BlackElo "2343"]
[Annotator "TA"]
[PlyCount "37"]
[EventDate "2024.09.24"]
[EventType "tourn"]
[EventCountry "HUN"]
[SourceTitle "playchess.com"]
[Source "ChessBase"]
[SourceQuality "1"]
[TimeControl "5400+30"]

1. e4 e5 2. Nf3 Nf6 3. Nxe5 d6 4. Nf3 Nxe4 5. d4 d5 6. Bd3 Bd6 7. O-O O-O 8. c4 c6 9. Re1 Bf5 10. cxd5 cxd5 11. Nc3 Nxc3 12. bxc3 Bxd3 13. Qxd3 Qd7 14. Ne5 Bxe5 15. dxe5 Nc6 16. Ba3 Rfe8 17. Bd6 Ne7 18. a4 Rac8 19. Qb5 {[%emt 0:03:10] Not much happened in this game.   Weighted Error Value: White=0.09 (flawless) /Black=0.02 (flawless) .  Inaccurate:     	White=1     	---        OK:         	White=2     	Black=6} 1/2-1/2